[Event "ICC tourney 2533 (25 5)"]
[Site "Internet Chess Club"]
[Date "2021.04.25"]
[Round "5"]
[White "WILLIAM MARVIN, MATTHEW:K09-16370802"]
[Black "KRISHNAN, SAATVIK:K09-15210955"]
[Result "0-1"]
[ICCResult "White resigns"]
[WhiteElo "1335"]
[BlackElo "1797"]
[Opening "QGD: Tarrasch, Réti variation"]
[ECO "D34"]
[NIC "TD.04"]
[Time "11:00:38"]
[PlyCount "190"]
[TimeControl "1500+5"]

1. d4 d5 2. c4 e6 3. Nc3 c5 4. cxd5 exd5 5. Nf3 Nf6 6. g3 Nc6 7. Bg2 Be7 8.
O-O O-O 9. dxc5 Bxc5 10. Na4 Be7 11. Be3 Ng4 12. Bc5 Bxc5 13. Nxc5 b6 14.
Nb3 Bb7 15. Nbd4 Nge5 16. Nxe5 Nxe5 17. Rc1 Rc8 18. Qd2 Nc4 19. Qb4 a5 20.
Qc3 Qd7 21. Rfd1 Rfe8 22. Re1 Ne3 23. Qd3 Nxg2 24. Kxg2 h6 25. e3 Rc4 26.
b3 Rcc8 27. h4 Qg4 28. f3 Qd7 29. a4 Qe7 30. Kf2 Rc5 31. Rc2 Rec8 32. Rec1
Qd7 33. Kg2 R8c7 34. Rxc5 Rxc5 35. Rxc5 bxc5 36. Nb5 Bc8 37. g4 Qd8 38. Kg3
Ba6 39. e4 Qb8+ 40. f4 dxe4 41. Qxe4 Bxb5 42. axb5 Qxb5 43. Qa8+ Kh7 44.
Qe4+ g6 45. Qd5 Kg7 46. Qe5+ Kh7 47. Qd5 Qe8 48. Qxc5 Qe1+ 49. Kh3 Qf1+ 50.
Kg3 Qd3+ 51. Kg2 Qxb3 52. Qxa5 Qc2+ 53. Kg3 Qd3+ 54. Kf2 Qd4+ 55. Kf3 Qd1+
56. Kg3 Qg1+ 57. Kf3 Qd1+ 58. Kg3 Qd3+ 59. Kf2 Qe4 60. Qe5 Qc2+ 61. Qe2 Qa4
62. Qe3 Qc2+ 63. Qe2 Qc5+ 64. Qe3 Qc8 65. Kg3 Qd7 66. Qe4 Qa7 67. Kf3 Qg1
68. Qe2 Qh1+ 69. Kg3 Qg1+ 70. Qg2 Qe3+ 71. Qf3 Qxf3+ 72. Kxf3 Kg7 73. Ke4
Kf6 74. Kd5 Ke7 75. Ke5 f6+ 76. Ke4 Ke6 77. f5+ gxf5+ 78. gxf5+ Kd6 79. h5
Kc5 80. Ke3 Kd5 81. Kf4 Kd4 82. Kg4 Ke5 83. Kg3 Kxf5 84. Kf3 Kg5 85. Kg3
Kxh5 86. Kh3 Kg5 87. Kg3 f5 88. Kf3 f4 89. Kf2 Kg4 90. Kg2 f3+ 91. Kf2 Kf4
92. Kf1 Ke3 93. Ke1 f2+ 94. Kf1 h5 95. Kg2 Ke2 { White resigns } 0-1

[Event "ICC tourney 2533 (25 5)"]
[Site "Internet Chess Club"]
[Date "2021.04.25"]
[Round "5"]
[White "BALAJI IYER, SHRINIVAS:K09-16691948"]
[Black "CHAMESH, AKUL:K09-16661211"]
[Result "1/2-1/2"]
[ICCResult "Game drawn by repetition"]
[WhiteElo "1443"]
[BlackElo "916"]
[Opening "Sicilian: Alapin's variation (2.c3)"]
[ECO "B22"]
[NIC "SI.46"]
[Time "11:02:46"]
[PlyCount "234"]
[TimeControl "1500+5"]

1. e4 c5 2. c3 e6 3. d4 d5 4. exd5 exd5 5. Nf3 Nc6 6. Be3 cxd4 7. Nxd4 Nf6
8. Be2 Be7 9. O-O O-O 10. Nd2 Re8 11. N2b3 a6 12. Bf3 h6 13. Qd2 Bf8 14. h3
Ne5 15. Be2 Bd7 16. Nf3 Ng6 17. Rad1 Bc6 18. Rfe1 Rc8 19. Nfd4 Bd7 20. Bf3
Ne5 21. Be2 Ng6 22. Nf3 Bc6 23. Bd4 Ne4 24. Qc2 Qc7 25. Nbd2 Nd6 26. Bd3
Ne7 27. Nf1 Qd7 28. Ne5 Qc7 29. Nxc6 bxc6 30. a3 Ra8 31. Ng3 Qd7 32. Bh7+
Kh8 33. Bd3 Kg8 34. Be3 Qc7 35. Be2 Qd7 36. Bd3 Qc7 37. Kh1 Qd7 38. Qe2 Qc7
39. Bxa6 Qd7 40. Bd3 Qc7 41. Rc1 Qd7 42. Qc2 Qc8 43. Kg1 Qd7 44. Rcd1 Qc8
45. Be2 Rd8 46. Bg4 Qc7 47. Nf5 Ndxf5 48. Bxf5 Nxf5 49. Qxf5 Qc8 50. Qxc8
Rdxc8 51. Bd4 Rab8 52. Re2 Rb7 53. b4 Rbc7 54. Rde1 Kh7 55. Re8 Rxe8 56.
Rxe8 Bd6 57. Be5 Bxe5 58. Rxe5 Ra7 59. f3 Kg6 60. Re3 Kf6 61. Kh2 Rxa3 62.
Kg3 Ra7 63. Kf4 Re7 64. Rxe7 Kxe7 65. Ke3 Kd6 66. Kd4 f6 67. g3 g6 68. f4
f5 69. h4 h5 70. c4 dxc4 71. Kxc4 Ke6 72. Kc5 Kd7 73. Kb6 Kd6 74. Kb7 Kd5
75. Kb6 Kd6 76. Kb7 Kd7 77. Ka6 Kc7 78. Ka7 Kd7 79. Kb7 Kd6 80. Kb6 Kd7 81.
Kc5 Kc7 82. Kc4 Kd6 83. Kd4 Ke6 84. Kc5 Kd7 85. Kb6 Kd6 86. Kb7 Kd7 87. Ka6
Kc7 88. Ka7 Kd6 89. Kb6 Kd7 90. Kc5 Kc7 91. Kc4 Kd6 92. Kd4 Ke6 93. Kc5 Kd7
94. Kc4 Kd6 95. Kd4 Ke6 96. Kc5 Kd7 97. Kd4 Kd6 98. Kc4 Kd7 99. Kc5 Kc7
100. Kc4 Kd6 101. Kd4 Ke6 102. Kc5 Kd7 103. Kc4 Kd6 104. Kd4 Ke6 105. Kc5
Kd7 106. Kc4 Kd6 107. Kd4 Ke6 108. Kc5 Kd7 109. Kc4 Kd6 110. Kd4 Ke6 111.
Kc5 Kd7 112. Kc4 Kd6 113. Kd4 Ke6 114. Kc5 Kd7 115. Kc4 Kd6 116. Kd4 Ke6
117. Kc5 Kd7 { Game drawn by repetition } 1/2-1/2

[Event "ICC tourney 2533 (25 5)"]
[Site "Internet Chess Club"]
[Date "2021.04.25"]
[Round "5"]
[White "NG, TIMOTHY:K09-15541548"]
[Black "ZONG, DAVIS:K09-14980186"]
[Result "1-0"]
[ICCResult "Black resigns"]
[WhiteElo "1857"]
[BlackElo "2269"]
[Opening "Two knights defense (Modern bishop's opening)"]
[ECO "C55"]
[NIC "IG.01"]
[Time "11:03:43"]
[PlyCount "167"]
[TimeControl "1500+5"]

1. e4 e5 2. Nf3 Nc6 3. Bc4 Nf6 4. d3 Be7 5. c3 O-O 6. Bb3 d6 7. O-O Na5 8.
Bc2 c5 9. Re1 Nc6 10. Nbd2 Qc7 11. Nc4 Be6 12. Ne3 Rad8 13. Ng5 Bc8 14. Bb3
h6 15. Nf3 Be6 16. Bd5 Nb8 17. Qb3 Nxd5 18. Nxd5 Qd7 19. Be3 f5 20. Rad1
Kh8 21. exf5 Rxf5 22. c4 Nc6 23. Qc2 Rdf8 24. Qe2 Bd8 25. a3 Qf7 26. Nc3
Qg6 27. Kh1 Rxf3 28. gxf3 Qh5 29. Rg1 Rxf3 30. Rg3 Bg4 31. Rxg4 Qxg4 32.
Rg1 Qf5 33. Ne4 Be7 34. Rg3 Rxg3 35. fxg3 Kg8 36. Kg2 a6 37. Qf3 Qxf3+ 38.
Kxf3 Kf7 39. Nc3 h5 40. Nd5 Ke6 41. Ke4 Bd8 42. h3 b5 43. g4 g6 44. b3 Na5
45. cxb5 axb5 46. b4 Nb3 47. Nc3 Bh4 48. Nxb5 d5+ 49. Kf3 Nd4+ 50. Nxd4+
exd4 51. Bg1 cxb4 52. axb4 Be7 53. b5 Bc5 54. Kf4 hxg4 55. hxg4 Kf6 56. Bf2
Bb6 57. Bh4+ Ke6 58. Bg3 Kf6 59. Bf2 g5+ 60. Kf3 Ke5 61. Bg3+ Kf6 62. Ke2
Ke6 63. Kd2 Kd7 64. Kc2 Kc8 65. Kb3 Bc5 66. Ka4 Kb7 67. Be5 Be7 68. Bxd4
Bd6 69. Bf6 Bf4 70. Kb4 Be3 71. d4 Kb6 72. Bd8+ Kb7 73. Kc5 Kc8 74. Bf6 Kb7
75. Kxd5 Kb6 76. Kc4 Bf4 77. d5 Kc7 78. Kd4 Kb6 79. Be5 Bc1 80. d6 Ba3 81.
Kd5 Kxb5 82. Bf6 Bb4 83. d7 Ba5 84. d8=Q { Black resigns } 1-0

[Event "ICC tourney 2533 (25 5)"]
[Site "Internet Chess Club"]
[Date "2021.04.25"]
[Round "6"]
[White "BHARGAVA, ANISH:K09-17325854"]
[Black "TRAN, KOLBY:K09-16895617"]
[Result "0-1"]
[ICCResult "White checkmated"]
[WhiteElo "101"]
[BlackElo "663"]
[Opening "Four knights: double Ruy Lopez"]
[ECO "C49"]
[NIC "KP.06"]
[Time "13:09:58"]
[PlyCount "34"]
[TimeControl "1500+5"]

1. e4 e5 2. Nf3 Nc6 3. Nc3 Bb4 4. Bb5 Nf6 5. d4 exd4 6. O-O Nxe4 7. Nxd4
Nxc3 8. Nxc6 bxc6 9. Qg4 O-O 10. Qxb4 Nd5 11. Qd2 d6 12. Qe1 cxb5 13. Bf4
Nxf4 14. Qe4 Qg5 15. Rfe1 Bd7 16. c3 d5 17. Qc2 Qxg2# { White checkmated }
0-1

[Event "ICC tourney 2533 (25 5)"]
[Site "Internet Chess Club"]
[Date "2021.04.25"]
[Round "6"]
[White "HUANG, VINSON:K09-16952520"]
[Black "MICHAEL BAR, NATHAN:K09-30163724"]
[Result "1-0"]
[ICCResult "Black checkmated"]
[WhiteElo "614"]
[BlackElo "1074"]
[Opening "two knights defense: Fegatello attack, Polerio defense"]
[ECO "C57"]
[NIC "KP.01"]
[Time "13:11:23"]
[PlyCount "25"]
[TimeControl "1500+5"]

1. e4 e5 2. Nf3 Nc6 3. Bc4 Nf6 4. Ng5 d5 5. exd5 Nxd5 6. Nxf7 Kxf7 7. Qf3+
Ke6 8. Nc3 Ne7 9. d4 exd4 10. Nxd5 Nxd5 11. Qe4+ Kd7 12. Qxd5+ Ke8 13. Qf7#
{ Black checkmated } 1-0

[Event "ICC tourney 2533 (25 5)"]
[Site "Internet Chess Club"]
[Date "2021.04.25"]
[Round "6"]
[White "PARKS CHURCH, OWEN:K09-15268150"]
[Black "SIVAPRAKASH, AARUDHRAN:K09-15971582"]
[Result "1-0"]
[ICCResult "Black checkmated"]
[WhiteElo "1334"]
[BlackElo "711"]
[Opening "King's pawn game"]
[ECO "C21"]
[NIC "KP.10"]
[Time "13:10:31"]
[PlyCount "55"]
[TimeControl "1500+5"]

1. e4 e5 2. d4 d6 3. dxe5 dxe5 4. Qxd8+ Kxd8 5. Nc3 Nf6 6. Bg5 Bc5 7.
O-O-O+ Ke8 8. Bxf6 gxf6 9. Nd5 Kd7 10. Nxf6+ Ke7 11. Nd5+ Kf8 12. Nxc7 Bg4
13. Rd8+ Kg7 14. Rxh8 Kxh8 15. Nxa8 Nc6 16. Be2 Bxe2 17. Nxe2 a5 18. Rd1
Kg7 19. Ng3 Bxf2 20. Nf5+ Kg6 21. Rf1 Be3+ 22. Nxe3 Nd4 23. Nc7 f6 24. Ncd5
h5 25. Rxf6+ Kg7 26. Nf5+ Kh7 27. Rf7+ Kg6 28. Rg7# { Black checkmated }
1-0

[Event "ICC tourney 2533 (25 5)"]
[Site "Internet Chess Club"]
[Date "2021.04.25"]
[Round "6"]
[White "GANESH, SAANJALI:K09-15003445"]
[Black "LEYTE VIDAL, ABIGAIL:K09-17196864"]
[Result "1-0"]
[ICCResult "Black checkmated"]
[WhiteElo "639"]
[BlackElo "210"]
[Opening "Alekhine's defense"]
[ECO "B02"]
[NIC "AL.10"]
[Time "13:10:17"]
[PlyCount "35"]
[TimeControl "1500+5"]

1. e4 Nf6 2. e5 Nh5 3. Qxh5 g6 4. Qe2 e6 5. Nc3 d5 6. d4 Bd7 7. Qe3 Be7 8.
Nf3 O-O 9. Be2 Na6 10. a3 c5 11. O-O cxd4 12. Qxd4 Qc7 13. Bh6 Rfc8 14. Bg5
Bxg5 15. Nxg5 Rf8 16. Qh4 h6 17. Qxh6 f6 18. Qh7# { Black checkmated } 1-0

[Event "ICC tourney 2533 (25 5)"]
[Site "Internet Chess Club"]
[Date "2021.04.25"]
[Round "6"]
[White "GOLDEN, RIPLEY:K09-15557812"]
[Black "GIBSON DAVIS, ZACHARY:K09-15656534"]
[Result "1-0"]
[ICCResult "Black checkmated"]
[WhiteElo "1584"]
[BlackElo "753"]
[Opening "Queen's pawn game, Chigorin variation"]
[ECO "D02"]
[NIC "QP.08"]
[Time "13:13:25"]
[PlyCount "21"]
[TimeControl "1500+5"]

1. d4 d5 2. Nf3 Nc6 3. Bf4 Bf5 4. e3 e6 5. Bb5 Nf6 6. Ne5 Rb8 7. Bxc6+ Nd7
8. Bxd7+ Ke7 9. Qd2 f6 10. Qb4+ c5 11. Qxc5# { Black checkmated } 1-0

[Event "ICC tourney 2533 (25 5)"]
[Site "Internet Chess Club"]
[Date "2021.04.25"]
[Round "6"]
[White "KOLLI, SAI:K09-16397773"]
[Black "ELIAS FALL, KHADIM:K09-15886147"]
[Result "1-0"]
[ICCResult "Black checkmated"]
[WhiteElo "1507"]
[BlackElo "753"]
[Opening "Ruy Lopez: old Steinitz defense"]
[ECO "C62"]
[NIC "RL.02"]
[Time "13:16:39"]
[PlyCount "21"]
[TimeControl "1500+5"]

1. e4 e5 2. Nf3 Nc6 3. Bb5 d6 4. d4 exd4 5. Nxd4 Bd7 6. c4 Nxd4 7. Bxd7+
Qxd7 8. Qxd4 O-O-O 9. O-O b6 10. Qd5 Nf6 11. Qa8# { Black checkmated } 1-0

[Event "ICC tourney 2533 (25 5)"]
[Site "Internet Chess Club"]
[Date "2021.04.25"]
[Round "6"]
[White "KENNEDY, MICHAEL:K09-14963230"]
[Black "SHRIGADI, ARYAN:K09-15491764"]
[Result "0-1"]
[ICCResult "White resigns"]
[WhiteElo "1037"]
[BlackElo "1454"]
[Opening "Sicilian"]
[ECO "B50"]
[NIC "SI.01"]
[Time "13:13:33"]
[PlyCount "38"]
[TimeControl "1500+5"]

1. e4 c5 2. Nf3 d6 3. Nc3 a6 4. Bc4 e6 5. O-O b5 6. Be2 Be7 7. d4 cxd4 8.
Nxd4 Bb7 9. Qd3 Nc6 10. Be3 Nf6 11. Bf3 O-O 12. e5 Nxe5 13. Bxb7 Nxd3 14.
Bxa8 Qxa8 15. cxd3 Ng4 16. h4 Nxe3 17. fxe3 Bxh4 18. Rf4 Bf6 19. Raf1 e5 {
White resigns } 0-1

[Event "ICC tourney 2533 (25 5)"]
[Site "Internet Chess Club"]
[Date "2021.04.25"]
[Round "6"]
[White "VALLI PILLA, ANANYA:K09-14998655"]
[Black "MORSE, FRANK:K09-16935924"]
[Result "1-0"]
[ICCResult "Black checkmated"]
[WhiteElo "1101"]
[BlackElo "610"]
[Opening "Three knights game"]
[ECO "C46"]
[NIC "KP.06"]
[Time "13:10:10"]
[PlyCount "35"]
[TimeControl "1500+5"]

1. e4 e5 2. Nf3 Nc6 3. Nc3 Bc5 4. Bc4 h6 5. d3 Nf6 6. h3 d6 7. Bd2 O-O 8.
Qc1 b6 9. Bxh6 gxh6 10. Qxh6 Nd7 11. Ng5 Nf6 12. Qg6+ Kh8 13. Bxf7 Nd4 14.
O-O-O Ba6 15. Nd5 Ne2+ 16. Kd2 Nf4 17. Qh6+ Nh7 18. Qxh7# { Black
checkmated } 1-0

[Event "ICC tourney 2533 (25 5)"]
[Site "Internet Chess Club"]
[Date "2021.04.25"]
[Round "6"]
[White "RAMASAMY, NITHIN:K09-16464765"]
[Black "MEHTA, KHUSH:K09-16425411"]
[Result "1-0"]
[ICCResult "Black checkmated"]
[WhiteElo "1075"]
[BlackElo "579"]
[Opening "Réti: King's Indian attack (Barcza system)"]
[ECO "A07"]
[NIC "QP.09"]
[Time "13:10:50"]
[PlyCount "61"]
[TimeControl "1500+5"]

1. Nf3 d5 2. g3 Nf6 3. Bg2 Nc6 4. d4 g6 5. O-O Bg7 6. c3 O-O 7. Nbd2 Bd7 8.
Re1 Qc8 9. e4 e6 10. e5 Ne4 11. Nxe4 dxe4 12. Rxe4 Ne7 13. Re1 Nf5 14. c4
Bc6 15. d5 Bd7 16. Nd4 Nxd4 17. Qxd4 c5 18. Qd1 Qe8 19. Be3 b6 20. dxe6
fxe6 21. Bxa8 Qxa8 22. Qxd7 Qf3 23. Qxe6+ Kh8 24. Qd5 Qf5 25. e6 Qf6 26.
Rad1 Bh6 27. e7 Bxe3 28. exf8=Q+ Qxf8 29. Rxe3 Qg7 30. Re8+ Qg8 31. Qxg8# {
Black checkmated } 1-0

[Event "ICC tourney 2533 (25 5)"]
[Site "Internet Chess Club"]
[Date "2021.04.25"]
[Round "6"]
[White "MURUGAN AYYAPPAN, ADHIRAIYAN:K09-16024678"]
[Black "PRASAD, ANKUR:K09-16588712"]
[Result "1-0"]
[ICCResult "Black checkmated"]
[WhiteElo "1309"]
[BlackElo "704"]
[Opening "Queen's pawn: London system"]
[ECO "A45"]
[NIC "QP.07"]
[Time "13:12:50"]
[PlyCount "67"]
[TimeControl "1500+5"]

1. d4 Nf6 2. Bf4 e6 3. Nd2 g6 4. e4 d5 5. e5 Ne4 6. Nxe4 dxe4 7. c3 Qh4 8.
g3 Qd8 9. Bg2 f5 10. exf6 Qxf6 11. Be5 Qg5 12. Bxh8 e5 13. Bxe5 Bg4 14. Qd2
Qxd2+ 15. Kxd2 Nc6 16. Bf4 O-O-O 17. Bxe4 Re8 18. Bxc6 bxc6 19. Re1 Rxe1
20. Kxe1 Be7 21. f3 Be6 22. Ne2 Bxa2 23. Kf2 g5 24. Be3 h6 25. Ra1 Bc4 26.
Rxa7 Bxe2 27. Kxe2 g4 28. fxg4 h5 29. gxh5 Bh4 30. gxh4 c5 31. dxc5 c6 32.
h6 Kd8 33. h7 Ke8 34. h8=Q# { Black checkmated } 1-0

[Event "ICC tourney 2533 (25 5)"]
[Site "Internet Chess Club"]
[Date "2021.04.25"]
[Round "6"]
[White "RODIC, ELLIOT:K09-16510635"]
[Black "ISAAC JENKINS, MATTHEW:K09-16814454"]
[Result "0-1"]
[ICCResult "White resigns"]
[WhiteElo "724"]
[BlackElo "1302"]
[Opening "Giuoco Pianissimo"]
[ECO "C50"]
[NIC "IG.02"]
[Time "13:13:06"]
[PlyCount "32"]
[TimeControl "1500+5"]

1. e4 e5 2. Nf3 Nc6 3. Bc4 Bc5 4. d3 Nf6 5. Bg5 O-O 6. Nc3 d6 7. Nd5 Be6 8.
Nxf6+ gxf6 9. Bh6 Re8 10. Bxe6 fxe6 11. Nd4 Ne7 12. Nxe6 Qd7 13. Nxc5 dxc5
14. Qf3 Ng6 15. Qxf6 Re6 16. h4 Rxf6 { White resigns } 0-1

[Event "ICC tourney 2533 (25 5)"]
[Site "Internet Chess Club"]
[Date "2021.04.25"]
[Round "6"]
[White "N REDDY, AARUSH:K09-16740913"]
[Black "ETHAN LU, ALAN:K09-15478737"]
[Result "0-1"]
[ICCResult "White checkmated"]
[WhiteElo "734"]
[BlackElo "1649"]
[Opening "Caro-Kann defense"]
[ECO "B10"]
[NIC "CK.01"]
[Time "13:12:53"]
[PlyCount "72"]
[TimeControl "1500+5"]

1. e4 c6 2. Nf3 d5 3. d3 dxe4 4. dxe4 Qxd1+ 5. Kxd1 Bg4 6. Be2 e6 7. Nc3
Bc5 8. Rf1 Nf6 9. Bd2 O-O 10. b3 Rd8 11. Kc1 Bb4 12. Rd1 Nbd7 13. Kb2 Nb6
14. Rac1 Bxc3+ 15. Bxc3 Nxe4 16. Rf1 Nd5 17. Bd4 c5 18. Bxc5 Nxc5 19. h3
Bh5 20. g4 Bg6 21. Ne5 Nf4 22. Nxg6 hxg6 23. Bf3 Rd2 24. Bxb7 Nxb7 25. Rfd1
Rxf2 26. Rd4 Rc8 27. Rcd1 Rcxc2+ 28. Ka3 Rxa2+ 29. Kb4 Nd5+ 30. Kb5 Nc3+
31. Kc6 Nxd1 32. Rxd1 Na5+ 33. Kd7 Rad2+ 34. Rxd2 Rxd2+ 35. Ke8 Nc6 36. b4
Rd8# { White checkmated } 0-1

[Event "ICC tourney 2533 (25 5)"]
[Site "Internet Chess Club"]
[Date "2021.04.25"]
[Round "6"]
[White "FRANKS, IAN:K09-15256952"]
[Black "JONNALAGADDA, VISHNUSANKAR:K09-16457328"]
[Result "0-1"]
[ICCResult "White resigns"]
[WhiteElo "820"]
[BlackElo "1408"]
[Opening "Torre attack (Tartakower variation)"]
[ECO "D03"]
[NIC "QP.08"]
[Time "13:12:29"]
[PlyCount "28"]
[TimeControl "1500+5"]

1. d4 d5 2. Nf3 Nf6 3. Bg5 e6 4. e3 Be7 5. Bd3 Nbd7 6. c3 c5 7. Qa4 O-O 8.
dxc5 Nxc5 9. Qh4 Nxd3+ 10. Kf1 Nxb2 11. Nbd2 Re8 12. Ne5 Nd7 13. Nxf7 Kxf7
14. Qh5+ Kg8 { White resigns } 0-1

[Event "ICC tourney 2533 (25 5)"]
[Site "Internet Chess Club"]
[Date "2021.04.25"]
[Round "6"]
[White "CURRAN, ELI:K09-16489414"]
[Black "DAS, SHREYAS:K09-15671703"]
[Result "0-1"]
[ICCResult "White resigns"]
[WhiteElo "537"]
[BlackElo "1010"]
[Opening "Caro-Kann defense"]
[ECO "B11"]
[NIC "CK.01"]
[Time "13:12:07"]
[PlyCount "70"]
[TimeControl "1500+5"]

1. e4 c6 2. Nc3 d5 3. exd5 cxd5 4. d4 Bf5 5. g3 Nf6 6. Bg2 e6 7. Nf3 Be7 8.
O-O Nc6 9. Re1 O-O 10. Bf4 Ne4 11. Nxe4 Bxe4 12. c3 Bd6 13. Rxe4 dxe4 14.
Ne5 Nxe5 15. Bxe5 Bxe5 16. dxe5 Qxd1+ 17. Rxd1 Rad8 18. Re1 Rd2 19. Bxe4 b6
20. Rb1 f5 21. exf6 Rxf6 22. a4 Rfxf2 23. h4 Rxb2 24. c4 Rxb1+ 25. Bxb1 Rb2
26. Be4 g6 27. g4 Kf7 28. Kf1 Rb4 29. Ke2 Rxc4 30. Kd3 Rxa4 31. h5 Rxe4 32.
Kxe4 gxh5 33. gxh5 Kf6 34. Kf4 a5 35. Kg4 a4 { White resigns } 0-1

[Event "ICC tourney 2533 (25 5)"]
[Site "Internet Chess Club"]
[Date "2021.04.25"]
[Round "6"]
[White "SAMICH, MATTHEW:K09-15692130"]
[Black "SANKARANAARAYAN, HRUSHIKESH:K09-16322758"]
[Result "0-1"]
[ICCResult "White checkmated"]
[WhiteElo "1348"]
[BlackElo "849"]
[Opening "QGD: 4.Bg5 Be7"]
[ECO "D53"]
[NIC "QO.13"]
[Time "13:10:30"]
[PlyCount "72"]
[TimeControl "1500+5"]

1. d4 Nf6 2. c4 e6 3. Nc3 d5 4. Bg5 Be7 5. cxd5 exd5 6. e3 h6 7. Bh4 O-O 8.
Nf3 c6 9. Bd3 Ne4 10. Bxe7 Qxe7 11. Qc2 Bf5 12. O-O Nd7 13. Nd2 Nxd2 14.
Qxd2 Bxd3 15. Qxd3 Rfe8 16. a3 Nb6 17. Rfe1 Nc4 18. b3 Nxa3 19. Ra2 a6 20.
Rea1 Nb5 21. Nxb5 cxb5 22. Rc2 Rec8 23. h3 Rxc2 24. Qxc2 a5 25. Qd3 Qd7 26.
Qc2 Rc8 27. Qd2 b6 28. g4 f5 29. Qe2 fxg4 30. Qxg4 Qxg4+ 31. hxg4 Rc2 32.
Rb1 Kf7 33. Kg2 b4 34. Kg3 Rc3 35. Kf4 Ke6 36. e4 g5# { White checkmated }
0-1

[Event "ICC tourney 2533 (25 5)"]
[Site "Internet Chess Club"]
[Date "2021.04.25"]
[Round "6"]
[White "ZHU, AIDEN:K09-30141156"]
[Black "MATHIYAZHAGAN, ASHRITH:K09-15357100"]
[Result "0-1"]
[ICCResult "White checkmated"]
[WhiteElo "1083"]
[BlackElo "1581"]
[Opening "Caro-Kann: exchange variation"]
[ECO "B13"]
[NIC "CK.02"]
[Time "13:10:49"]
[PlyCount "64"]
[TimeControl "1500+5"]

1. e4 c6 2. d4 d5 3. exd5 cxd5 4. Nc3 Nf6 5. Nf3 Bg4 6. Bg5 Nc6 7. Bxf6
exf6 8. h3 Bh5 9. g4 Bg6 10. Qd2 Bb4 11. O-O-O O-O 12. a3 Bxc3 13. Qxc3 Rc8
14. Qd2 Be4 15. Be2 Na5 16. Bd3 Nb3+ 17. Kb1 Nxd2+ 18. Rxd2 Bxf3 19. Re1
Re8 20. Rf1 Qa5 21. c3 Qc7 22. Rc2 Qf4 23. Bb5 Be4 24. Bxe8 Bxc2+ 25. Kxc2
Rxe8 26. Rg1 Qxf2+ 27. Kc1 Qxg1+ 28. Kc2 Re2+ 29. Kb3 Qb1 30. Kb4 Qxb2+ 31.
Ka4 Re6 32. c4 Ra6# { White checkmated } 0-1

[Event "ICC tourney 2533 (25 5)"]
[Site "Internet Chess Club"]
[Date "2021.04.25"]
[Round "6"]
[White "CRIST, CARTER:K09-15446271"]
[Black "LI, YIYANG:K09-30018058"]
[Result "0-1"]
[ICCResult "White checkmated"]
[WhiteElo "435"]
[BlackElo "1008"]
[Opening "Four knights: Italian variation"]
[ECO "C47"]
[NIC "KP.06"]
[Time "13:10:50"]
[PlyCount "54"]
[TimeControl "1500+5"]

1. e4 e5 2. Nf3 Nc6 3. Nc3 Nf6 4. Bc4 Nxe4 5. Nxe4 d5 6. Bxd5 Qxd5 7. Nc3
Qd8 8. O-O Bd6 9. Ne4 O-O 10. c3 Re8 11. d4 exd4 12. Re1 dxc3 13. bxc3 Bg4
14. Bg5 f6 15. Bc1 Ne5 16. Qd5+ Be6 17. Qxb7 Nxf3+ 18. gxf3 Bh3 19. Qb3+
Kh8 20. c4 Bc5 21. Be3 Bxe3 22. Rxe3 Qd7 23. Rd3 Qe7 24. Re1 f5 25. Rde3
fxe4 26. Rxe4 Qg5+ 27. Kh1 Qg2# { White checkmated } 0-1

[Event "ICC tourney 2533 (25 5)"]
[Site "Internet Chess Club"]
[Date "2021.04.25"]
[Round "6"]
[White "RISHI VALLISHAYEE, RIBHAV:K09-15499101"]
[Black "JAIN, LAKSH:K09-16802026"]
[Result "0-1"]
[ICCResult "White resigns"]
[WhiteElo "544"]
[BlackElo "1097"]
[Opening "Giuoco Piano: four knights variation"]
[ECO "C28"]
[NIC "VG.02"]
[Time "13:11:23"]
[PlyCount "64"]
[TimeControl "1500+5"]

1. e4 e5 2. Nc3 Nf6 3. Bc4 Nc6 4. Nf3 Bc5 5. O-O d6 6. d3 Bg4 7. h3 Bh5 8.
Bg5 h6 9. Bh4 g5 10. Bg3 Nd4 11. Nd5 Bxf3 12. gxf3 Nxd5 13. Bxd5 c6 14. c3
cxd5 15. cxd4 Bxd4 16. exd5 Rb8 17. Rb1 Qa5 18. Re1 Qxd5 19. f4 gxf4 20.
Bxf4 Kd7 21. Qg4+ Qe6 22. Bg3 Qxg4 23. hxg4 Rhg8 24. Re4 h5 25. gxh5 Rxg3+
26. Kf1 Rh3 27. Ke2 Rxh5 28. b3 Rc8 29. f4 Bb6 30. Kf3 exf4 31. Rxf4 Rf8
32. Rg1 Bxg1 { White resigns } 0-1

[Event "ICC tourney 2533 (25 5)"]
[Site "Internet Chess Club"]
[Date "2021.04.25"]
[Round "6"]
[White "ARIA NEISHABOURI, JACKSON:K09-16811344"]
[Black "ACHATA, CAMERON:K09-16677725"]
[Result "0-1"]
[ICCResult "White resigns"]
[WhiteElo "976"]
[BlackElo "536"]
[Opening "Four knights game"]
[ECO "C47"]
[NIC "RG.01"]
[Time "13:12:29"]
[PlyCount "66"]
[TimeControl "1500+5"]

1. e4 e5 2. Nf3 Nf6 3. Nc3 Nc6 4. d3 Bc5 5. Na4 d6 6. Nxc5 dxc5 7. Be3 b6
8. c3 O-O 9. Qc2 Qe7 10. d4 cxd4 11. cxd4 exd4 12. Bxd4 Nxd4 13. Nxd4 Qb4+
14. Qd2 Qxd2+ 15. Kxd2 c5 16. Nc2 Rd8+ 17. Ke3 Ng4+ 18. Kf3 Rd2 19. Be2
Rxc2 20. Rab1 g5 21. h3 Ne5+ 22. Ke3 Nc4+ 23. Kd3 Rxb2 24. Rxb2 Nxb2+ 25.
Kc2 Na4 26. Rd1 f5 27. Kb3 g4 28. Kxa4 gxh3 29. gxh3 fxe4 30. Rd8+ Kg7 31.
Re8 Bd7+ 32. Bb5 Bxb5+ 33. Kxb5 Rxe8 { White resigns } 0-1

[Event "ICC tourney 2533 (25 5)"]
[Site "Internet Chess Club"]
[Date "2021.04.25"]
[Round "6"]
[White "GIBSON, MICHAEL:K09-17297651"]
[Black "KLEIN, JACOB:K09-15995270"]
[Result "1-0"]
[ICCResult "Black checkmated"]
[WhiteElo "585"]
[BlackElo "1046"]
[Opening "Scotch game"]
[ECO "C45"]
[NIC "SO.04"]
[Time "13:09:54"]
[PlyCount "57"]
[TimeControl "1500+5"]

1. e4 e5 2. Nf3 Nc6 3. d4 exd4 4. Nxd4 Nxd4 5. Qxd4 Nf6 6. Nc3 b6 7. e5 Ng8
8. Bd3 f6 9. Bf4 Bb7 10. O-O-O Bc5 11. Qc4 Qe7 12. exf6 Qxf6 13. Bxc7 d6
14. Ne4 Qf4+ 15. Kb1 Bxe4 16. Bxe4 Rc8 17. Bc6+ Kf8 18. Qxf4+ Nf6 19. Bxd6+
Bxd6 20. Rxd6 Kf7 21. Qc4+ Ke7 22. Qe6+ Kf8 23. Re1 h5 24. Qe7+ Kg8 25.
Qe6+ Kh7 26. Re5 Rcd8 27. Be4+ Kh6 28. Qf5 Rxd6 29. Qg6# { Black checkmated
} 1-0

[Event "ICC tourney 2533 (25 5)"]
[Site "Internet Chess Club"]
[Date "2021.04.25"]
[Round "6"]
[White "GRANT, AROYAH:K09-16524840"]
[Black "BHOOMA, HRISHI:K09-15435134"]
[Result "0-1"]
[ICCResult "White checkmated"]
[WhiteElo "596"]
[BlackElo "1064"]
[Opening "Petrov's defense"]
[ECO "C42"]
[NIC "RG.03"]
[Time "13:10:27"]
[PlyCount "96"]
[TimeControl "1500+5"]

1. e4 e5 2. Nf3 Nf6 3. Nxe5 Nc6 4. Nf3 Nxe4 5. Bd3 d5 6. O-O Bc5 7. Qe2 Bf5
8. Nc3 Qe7 9. h3 O-O 10. g4 Nxc3 11. Qxe7 Nxe7 12. bxc3 Bxd3 13. cxd3 f5
14. d4 Bd6 15. Re1 fxg4 16. Ng5 gxh3 17. Nxh3 Ng6 18. Ng5 c5 19. Kg2 cxd4
20. cxd4 Nf4+ 21. Kf3 Nd3+ 22. Ke2 Nxe1 23. Kxe1 Rf5 24. d3 Bf4 25. Bxf4
Rxf4 26. Ne6 Rh4 27. Kd2 Re8 28. Re1 Rh6 29. Nc7 Rxe1 30. Kxe1 Rc6 31. Nxd5
Rd6 32. Nc3 Rxd4 33. Kd2 Kf7 34. Ne4 Ke6 35. Nc5+ Kf5 36. Nxb7 h5 37. Ke3
Rg4 38. f3 Rg1 39. d4 h4 40. d5 h3 41. d6 h2 42. d7 h1=Q 43. Nd6+ Ke6 44.
d8=Q Re1+ 45. Kd2 Rd1+ 46. Ke2 Qf1+ 47. Ke3 Rd3+ 48. Ke4 Qxf3# { White
checkmated } 0-1